 Dungeon Crawl Stone Soup version 0.26-a0-846-gcc8f1ee719 (webtiles) character file.

Game seed: 1388911028255949508

13267 robertstho the Frost Mage (level 11, -7/82 HPs)
             Began as a Demigod Ice Elementalist on Nov 19, 2020.
             Mangled by an unseen horror (8 damage)
             ... on level 13 of the Dungeon.
             The game lasted 00:26:03 (14222 turns).

robertstho the Frost Mage (DgIE)                   Turns: 14222, Time: 00:26:03

Health: -7/82      AC:  7    Str: 11    XL:     11   Next: 45%
Magic:  7/29       EV: 14    Int: 33    God:
Gold:   187        SH:  0    Dex: 16    Spells: 15/30 levels left

rFire    . . .     SeeInvis .   D - +6 scythe of Annihilation {vorpal, +Fly rElec rC- Int+8}
rCold    x . .     Faith    .   (shield currently unavailable)
rNeg     . . .     Spirit   .   b - +2 robe {MR+}
rPois    .         Reflect  .   (no helmet)
rElec    +         Harm     .   c - +0 cloak
rCorr    .         Rampage  .   u - +1 pair of gloves
MR       +++..                  (no boots)
Stlth    ++++......             (no amulet)
HPRegen  0.23/turn              C - ring of protection from magic
MPRegen  0.21/turn              y - ring of stealth

@: marked, frozen ramparts, hasted, lightly drained, very quick
A: high mp 1
a: Evoke Flight


You were on level 13 of the Dungeon.
You visited 1 branch of the dungeon, and saw 11 of its levels.

You collected 517 gold pieces.
You spent 330 gold pieces at shops.

Inventory:

Hand Weapons
 e - a +1 scimitar of flaming
 p - a +1 whip of freezing
 D - the +6 scythe of Annihilation (weapon) {vorpal, +Fly rElec rC- Int+8}
   (You found it on level 9 of the Dungeon)

   It inflicts extra damage upon your enemies.
   It affects your intelligence (+8).
   It makes you vulnerable to cold.
   It insulates you from electricity.
   It lets you fly.
Missiles
 j - 49 poisoned darts (quivered)
Armour
 b - a +2 robe of magic resistance (worn)
 c - a +0 cloak (worn)
 u - a +1 pair of gloves (worn)
Jewellery
 s - an uncursed ring of flight
 y - a ring of stealth (right hand)
 C - a ring of protection from magic (left hand)
Wands
 k - a wand of flame (43)
 B - a wand of acid (6)
 F - a wand of iceblast (7)
 G - a wand of polymorph (7)
 H - a wand of digging (5)
Scrolls
 a - 2 scrolls of noise {unknown}
 f - 5 scrolls of remove curse
 h - 2 scrolls of fear
 i - a scroll of magic mapping {unknown}
 l - 4 scrolls of enchant armour
 m - 2 scrolls of random uselessness {unknown}
 w - 2 scrolls of teleportation {unknown}
 z - a scroll of enchant weapon {unknown}
 E - a scroll of immolation {unknown}
 I - a scroll of acquirement {unknown}
Potions
 d - 4 potions of might
 n - a potion of invisibility
 o - a potion of attraction
 q - a potion of cancellation
 r - 3 potions of lignification
 v - 2 potions of ambrosia


   Skills:
 + Level 3.3(2.9) Fighting
 + Level 3.8(3.5) Maces & Flails
 + Level 2.6(2.2) Polearms
 + Level 4.5(4.2) Dodging
 + Level 3.9(3.5) Stealth
 + Level 0.3(0.0) Unarmed Combat
 * Level 10.1(9.7) Spellcasting
 + Level 0.3(0.0) Conjurations
 + Level 3.3(3.0) Summonings
 * Level 10.7(10.4) Ice Magic
 + Level 1.7(1.4) Evocations


You had 15 spell levels left.
You knew the following spells:

 Your Spells              Type           Power        Failure   Level
a - Freeze                Ice            ####         1%          1
b - Frozen Ramparts       Ice            ######       1%          3
c - Ozocubu's Armour      Ice            ######..     1%          3
d - Hailstorm             Conj/Ice       ######..     3%          4
e - Summon Ice Beast      Ice/Summ       ######..     1%          4

Your spell library contained the following spells:

 Spells                   Type           Power        Failure   Level
 Ensorcelled Hibernation  Hex/Ice        ######       1%          2
 Corona                   Hex            ###....      3%          1
 Confusing Touch          Hex            ###.....     9%          3
 Dazzling Flash           Conj/Hex       ###...       9%          3
 Tukima's Dance           Hex            ###.....     9%          3


Dungeon Overview and Level Annotations

Branches:
Dungeon (10/15)            Temple (0/1) D:5            Lair (0/6) D:9
    Orc: D:9-12

Shops:
D:5 =   D:8 *   D:9 [


Innate Abilities, Weirdness & Mutations

You have an increased reservoir of magic. (+10% MP)


Message History

* * * LOW HITPOINT WARNING * * *
The wall freezes the orc knight!
You kill the orc knight!
The orc priest begins to cast a cantrip, but forgets the words!
An orc priest comes into view. It is wielding a +0 whip.
The wall freezes the orc warrior.
You feel yourself speed up. Something hits you.
* * * LOW HITPOINT WARNING * * *
Something hits you!
* * * LOW HITPOINT WARNING * * *
Something hits you.
* * * LOW HITPOINT WARNING * * *
A hound comes into view.
The orc priest begins to cast a cantrip, but forgets the words!
The wall freezes the orc warrior.
The orc warrior barely misses you.
The wall freezes the orc warrior!
Something hits you.
* * * LOW HITPOINT WARNING * * *
Something hits you!
You die...

#.#.#....#.........#####
#.#...)....h............
#.#.................#.#
#.#.............oY)...# #
#.#....)...........##.# .#
#.#..............)....#>.#
#.##..........).o).......#
#.##............{Y..$....##
#.##...........@..oo†o.....
#......#############o###
#......# #....... #.......
.....


You could see 3 orc warriors, a hound, an orc priest, an orc and 2 friendly ice
beasts.

Vanquished Creatures
  Snorg (D:10)
  Erolcha (D:9)
  Erica (D:9)
  Nergalle (D:10)
  Pikel (D:9)
  An orc knight (D:13)
  A centaur zombie (D:10)
  A komodo dragon (D:13)
  2 trolls
  A harpy skeleton (D:13)
  Sigmund (D:5)
  A nameless horror (D:5)
  2 wyverns
  7 yaks
  Grum (D:8)
  4 orc warriors
  A sky beast (D:5)
  2 black bears
  A phantom (D:10)
  2 ice beasts
  2 wolves (D:8)
  5 ogres
  6 centaurs
  A lemure (D:9)
  A big kobold (D:13)
  5 bullfrogs
  3 scorpions
  6 killer bees (D:9)
  A water moccasin skeleton (D:5)
  17 wights
  2 howler monkeys
  2 orc priests
  3 bullfrog zombies
  2 centaur skeletons (D:8)
  5 hounds
  4 jellies
  3 bullfrog skeletons
  3 iguanas
  16 orc wizards
  12 worker ants
  2 hound zombies
  A hound skeleton (D:5)
  A worker ant zombie (D:5)
  3 gnolls (D:4)
  17 adders
  3 white imps
  An ufetubus (D:8)
  An adder skeleton (D:7)
  2 worms
  A dart slug (D:1)
  2 leopard geckos
  46 orcs
  10 bats
  7 giant cockroaches
  8 hobgoblins
  4 jackals
  12 kobolds
  5 quokkas
  A ball python (D:3)
  4 goblins
  A leopard gecko skeleton (D:6)
  A leopard gecko zombie (D:9)
  9 rats
274 creatures vanquished.

Vanquished Creatures (collateral kills)
  Harold (D:9)
  2 ugly things (D:13)
  A cyclops (D:13)
  A warg (D:13)
  An orc warrior (D:13)
  2 ice beasts (D:7)
  7 wights
  A centaur zombie (D:5)
  An iguana (D:8)
  A worker ant (D:10)
  A hound zombie (D:7)
  2 white imps
  An orc (D:13)
  2 kobolds (D:13)
24 creatures vanquished.

Vanquished Creatures (others)
  A goblin (D:2)
  4 fungi (D:9)
  9 plants (D:9)
  4 toadstools (D:1)
18 creatures vanquished.

Grand Total: 316 creatures vanquished

Notes
Turn   | Place    | Note
-------+----------+-------------------------------------------
     0 | D:1      | robertstho the Demigod Ice Elementalist began the quest for
                  | the Orb.
     0 | D:1      | Reached XP level 1. HP: 14/14 MP: 5/5
   655 | D:1      | Reached XP level 2. HP: 16/20 MP: 4/7
  1626 | D:2      | Reached XP level 3. HP: 26/26 MP: 5/9
  1703 | D:2      | Found a glowing golden altar of the Shining One.
  2016 | D:2      | Found a faded altar of an unknown god.
  2156 | D:2      | Found a basalt altar of Yredelemnul.
  2271 | D:2      | Noticed an angel
  2584 | D:3      | Found an opulent altar of Gozag.
  2655 | D:3      | Reached XP level 4. HP: 32/33 MP: 5/10
  2692 | D:2      | Learned a level 3 spell: Frozen Ramparts
  2696 | D:2      | Learned a level 3 spell: Ozocubu's Armour
  2958 | D:3      | Reached skill level 5 in Ice Magic
  3254 | D:3      | Reached XP level 5. HP: 38/38 MP: 9/12
  3316 | D:3      | Found a sacrificial altar of Ru.
  3564 | D:3      | Reached skill level 1 in Fighting
  4102 | D:3      | Reached XP level 6. HP: 47/47 MP: 10/14
  4249 | D:3      | Learned a level 4 spell: Hailstorm
  4284 | D:4      | Reached skill level 1 in Maces & Flails
  4475 | D:4      | Found a burning altar of Makhleb.
  4692 | D:4      | Reached XP level 7. HP: 52/52 MP: 9/16
  4994 | D:5      | Entered Level 5 of the Dungeon
  5057 | D:5      | Found a shadowy altar of Dithmenos.
  5294 | D:5      | Found a staircase to the Ecumenical Temple.
  5323 | D:5      | Noticed Sigmund
  5437 | D:5      | Learned a level 4 spell: Summon Ice Beast
  5607 | D:5      | Killed Sigmund
  5796 | D:5      | Reached skill level 5 in Spellcasting
  5983 | D:5      | Found Isiraum's Jewellery Emporium.
  6139 | D:5      | Reached XP level 8. HP: 59/59 MP: 16/19
  6499 | D:5      | Noticed a nameless horror
  6523 | D:5      | Killed a nameless horror
  7109 | D:6      | Found a blossoming altar of Fedhas.
  7687 | D:6      | Reached skill level 1 in Summonings
  7694 | D:6      | Reached skill level 1 in Evocations
  8655 | D:7      | Reached XP level 9. HP: 61/67 MP: 17/22
  9079 | D:7      | Found a sparkling altar of Nemelex Xobeh.
 10460 | D:8      | Noticed Grum
 10480 | D:8      | Killed Grum
 10532 | D:8      | Found a burning altar of Makhleb.
 10545 | D:8      | Found Gis Gyfa's General Store.
 10553 | D:8      | Bought a wand of acid (6) for 240 gold pieces
 10553 | D:8      | Bought a scroll of enchant armour for 90 gold pieces
 11285 | D:9      | Noticed Erica
 11285 | D:9      | Noticed Erolcha
 11307 | D:9      | Killed Erica
 11308 | D:9      | Reached XP level 10. HP: 50/74 MP: 2/26
 11332 | D:9      | Killed Erolcha
 11771 | D:9      | Noticed Harold
 11782 | D:9      | Killed Harold
 11793 | D:9      | Got an ichor-stained scythe
 11793 | D:9      | Identified the +6 scythe of Annihilation {vorpal, +Fly
                  | rElec rC- Int+8} (You found it on level 9 of the Dungeon)
 11980 | D:9      | Noticed Pikel
 11990 | D:9      | Killed Pikel
 12033 | D:9      | Found a staircase to the Lair.
 12161 | D:9      | Found Qatsataj's Antique Armour Shoppe.
 12436 | D:10     | Entered Level 10 of the Dungeon
 12786 | D:10     | Reached skill level 10 in Ice Magic
 13059 | D:10     | Reached skill level 1 in Polearms
 13069 | D:10     | Reached XP level 11. HP: 59/80 MP: 25/28
 13271 | D:10     | Noticed Snorg
 13296 | D:10     | Killed Snorg
 13665 | D:10     | Noticed Nergalle
 13673 | D:10     | Killed Nergalle
 13830 | D:10     | You fall into a shaft and drop 3 floors!
 14088 | D:13     | Reached skill level 10 in Spellcasting
 14213 | D:13     | Noticed an orc knight
 14220 | D:13     | Killed an orc knight
 14222 | D:13     | HP: 1/82 [something (4)]
 14222 | D:13     | Mangled by an unseen horror

Illustrated notes

Levels and vault maps discovered:
D:1:      ldierk_walled_garden_2, layout_basic, corexii_corridor_pit
D:2:      layout_rooms, grunt_temple_overflow_holy_war,
          chequers_ecumenical_altar_simple_redux
D:3:      wad_pebble_path, layout_loops_ring, nicolae_gozag_seed_capital,
          nicolae_ru_great_annihilating_truth
D:4:      layout_basic, kennysheep_mini_moat
D:5:      layout_basic, lemuel_doored_altar, minmay_temple_entry_junction,
          serial_shops, kennysheep_little_box, uniq_sigmund
D:6:      layout_basic, fedhas_altar_3
D:7:      layout_rooms, serial_curves, eino_curves_01, eino_curves_03,
          grunt_ministairs_12, hangedman_decor_growths,
          nemelex_spade_bored_becter
D:8:      layout_basic, serial_shops, shop, basic_altar, hex_large, uniq_grum
D:9:      layout_roguey, grunt_lair_entry_orc_guard_hut, serial_shops,
          nicolae_shop_behind_doors, uniq_erica, uniq_erolcha, uniq_harold,
          uniq_pikel
D:10:     layout_irregular_city, uniq_nergalle, uniq_snorg
D:13:     layout_basic

Skill      XL: |  1  2  3  4  5  6  7  8  9 10 11 |
---------------+----------------------------------+-----
Ice Magic      | 4 5 6 7 8 10 | 10.7
Spellcasting   | 2 3 4 5 6 8 9 10 | 10.1
Stealth        | 2 3 |  3.9
Dodging        | 2 3 4 |  4.5
Fighting       | 1 2 3 |  3.3
Maces & Flails | 1 2 3 |  3.8
Summonings     | 1 2 3 |  3.3
Evocations     | 1 |  1.7
Polearms       | 1 2 |  2.6
Unarmed Combat | |  0.3
Conjurations   | |  0.3

Action                   |  1- 3 |  4- 6 |  7- 9 | 10-12 || total
-------------------------+-------+-------+-------+-------++-------
Melee: Unarmed           |    55 |     1 |       |       ||    56
       Whip              |       |    47 |   281 |    23 ||   351
       Dagger            |       |     2 |       |       ||     2
       Punch             |       |       |     2 |       ||     2
       Scythe            |       |       |       |    81 ||    81
 Cast: Freeze            |    42 |    16 |     8 |       ||    66
       Frozen Ramparts   |       |    20 |    58 |    35 ||   113
       Summon Ice Beast  |       |       |    31 |    26 ||    57
       Hailstorm         |       |       |     5 |     7 ||    12
Evoke: Wand              |       |       |    32 |       ||    32
  Use: Scroll            |       |       |     9 |     3 ||    12
       Potion            |       |       |       |     6 ||     6
 Stab: Sleeping          |     8 |     3 |     2 |     1 ||    14
       Paralysed         |       |     1 |       |       ||     1
Armor: Robe              |    17 |     7 |    87 |    43 ||   154
Dodge: Dodged            |    73 |    39 |   235 |   114 ||   461

Table legend: (Time is in decaauts)
 A = Elapsed time spent in this place.
 B = Non-inter-level travel time spent in this place.
 C = Inter-level travel time spent in this place.
 D = Time resting spent in this place.
 E = Time spent auto-exploring this place.
 F = Levels seen in this place.
 G = Mean time per level.
                   A        B        C        D        E       F      G
               +--------+--------+--------+--------+--------+-----+--------+
         Total |  14294 |  13934 |    360 |   1356 |   9791 |  11 | 1299.5 |
       Dungeon |  14294 |  13934 |    360 |   1356 |   9791 |  11 | 1299.5 |
               +--------+--------+--------+--------+--------+-----+--------+

Top non-repeatable levels by time:
     D:8: 1763 daAuts
     D:6: 1731 daAuts
     D:1: 1621 daAuts
     D:5: 1581 daAuts
    D:10: 1449 daAuts
     D:3: 1361 daAuts
     D:9: 1244 daAuts
     D:2: 1239 daAuts
     D:4: 967 daAuts
     D:7: 923 daAuts
    D:13: 410 daAuts
